 Dungeon Crawl Stone Soup version 0.28.0-53-g5a82cb258f (webtiles) character file.

Game seed: 15600602505807623039

23510 raph the Geomancer (level 12, -10/72 HPs)
             Began as a Deep Elf Earth Elementalist on July 14, 2022.
             Was the Champion of Zin.
             Killed from afar by a swamp worm (17 damage)
             ... with a harpoon shot
             ... on level 5 of the Lair of Beasts.
             The game lasted 00:31:17 (21268 turns).

raph the Geomancer (Deep Elf Earth Elementalist)   Turns: 21268, Time: 00:31:18

Health: -10/72     AC: 10    Str:  5    XL:     12   Next: 72%
Magic:  27/27      EV: 16    Int: 26    God:    Zin [******]
Gold:   758        SH:  0    Dex: 15    Spells: 4/29 levels left

rFire   . . .      SeeInvis +   w - +3 dagger (venom)
rCold   + . .      Faith    .   (no shield)
rNeg    . . .      Spirit   .   I - +0 steam dragon scales
rPois   .          Reflect  .   D - +2 hat
rElec   .          Harm     .   n - +0 cloak
rCorr   .          Rampage  .   i - +0 pair of gloves
Will    +....                   L - +0 pair of boots
Stlth   ++++......              q - amulet of regeneration
HPRegen 1.02/turn               H - ring of see invisible
MPRegen 0.20/turn               r - ring of protection from cold

@: no status effects
A: no striking features
a: Renounce Religion, Recite, Vitalisation, Imprison, Sanctuary, Donate Gold


You were on level 5 of the Lair of Beasts.
You worshipped Zin.
Zin was exalted by your worship.
You visited 2 branches of the dungeon, and saw 14 of its levels.

You collected 903 gold pieces.
You donated 145 gold pieces to Zin.

Inventory:

Hand Weapons
 b - a +0 shortbow
 d - a +0 dagger
 h - a +1 dagger of flaming
 w - a +3 dagger of venom (weapon)
Missiles
 c - 195 stones
 A - 219 arrows
 G - a throwing net
Armour
 e - a +0 helmet
 i - a +0 pair of gloves (worn)
 m - a +0 robe
 n - a +0 cloak (worn)
 B - a +2 leather armour of fire resistance
 D - a +2 hat (worn)
 I - +0 steam dragon scales (worn)
 L - a +0 pair of boots (worn)
Magical Staves
 a - a staff of conjuration
Jewellery
 q - an amulet of regeneration (around neck)
 r - a ring of protection from cold (right hand)
 H - a ring of see invisible (left hand)
Wands
 v - a wand of paralysis (8)
 x - a wand of digging (5)
 F - a wand of charming (1)
Scrolls
 s - a scroll of fog
 t - a scroll of summoning
 y - 5 scrolls of teleportation
 z - 3 scrolls of blinking
 E - 2 scrolls of enchant weapon
 J - 3 scrolls of amnesia
 N - 3 scrolls of identify
 O - a scroll of brand weapon
Potions
 f - a potion of haste
 g - 5 potions of flight
 j - 2 potions of attraction
 k - a potion of brilliance
 l - 3 potions of heal wounds
 o - 2 potions of cancellation
 p - 4 potions of might
 u - 5 potions of curing
 C - 7 potions of ambrosia
 K - a potion of mutation
 P - a potion of berserk rage {unknown}
 Q - 2 potions of resistance
Miscellaneous
 M - a lightning rod (4/4)


   Skills:
 * Level 7.3 Fighting
 + Level 8.4 Dodging
 + Level 9.2 Stealth
 + Level 9.2 Spellcasting
 + Level 7.3 Conjurations
 - Level 6.0 Hexes
 * Level 8.1 Summonings
 - Level 1.1 Transmutations
 + Level 10.6 Earth Magic
 + Level 3.0 Poison Magic
 + Level 7.2 Invocations


You had 4 spell levels left.
You knew the following spells:

 Your Spells              Type           Power      Damage    Failure   Level
a - Sandblast             Erth           100%       2d20      1%          1
b - Passwall              Tmut/Erth      35%        N/A       1%          2
c - Stone Arrow           Conj/Erth      100%       3d13      1%          3
d - Sting                 Tmut/Pois      88%        1d7       2%          1
e - Petrify               Tmut/Erth      42%        N/A       4%          4
f - Dazzling Flash        Conj/Hex       92%        N/A       1%          3
g - Summon Mana Viper     Hex/Summ       48%        N/A       8%          5
h - Summon Ice Beast      Ice/Summ       33%        N/A       10%         4
i - Poisonous Vapours     Pois/Air       38%        N/A       4%          2

Your spell library contained the following spells:

 Spells                   Type           Power      Damage    Failure   Level
 Freeze                   Ice            48%        1d7       4%          1
 Portal Projectile        Hex/Tloc       54%        N/A       4%          3
 Corpse Rot               Necr/Air       24%        N/A       8%          2
 Hailstorm                Conj/Ice       31%        3d8       11%         4
 Frozen Ramparts          Ice            24%        1d4       16%         3
 Gell's Gravitas          Tloc           12%        N/A       16%         3
 Lesser Beckoning         Tloc           12%        N/A       16%         3
 Teleport Other           Tloc           12%        N/A       16%         3
 Summon Forest            Summ/Tloc      16%        N/A       26%         5
 Summon Cactus Giant      Summ           26%        N/A       26%         6
 Silence                  Hex/Air        13%        N/A       36%         5
 Blade Hands              Tmut           8%         N/A       65%         5
 Agony                    Necr           12%        N/A       80%         5
 Excruciating Wounds      Necr           6%         N/A       80%         5
 Monstrous Menagerie      Summ           26%        N/A       83%         7


Dungeon Overview and Level Annotations

Branches:
Dungeon (9/15)             Temple (0/1) D:7            Lair (5/6) D:9
  Swamp (0/4) Lair:2        Snake (0/4) Lair:4
  Slime: Lair:5-6       Orc: D:9-12

Altars:
Cheibriados
Dithmenos
Gozag
Makhleb
Nemelex Xobeh
Ru
Zin

Annotations:
Lair:5 2 transporters, 445me's ghost, journeyman GnWn


Message History

The demonic crawler hits the plant! x2
The demonic crawler shrieks in warning!
The demonic crawler hits the plant!
The plant begins to die.
The demonic crawler hits the plant! x2; The demonic crawler hits the plant.
The demonic crawler completely misses the plant.
The demonic crawler hits the plant!
The demonic crawler hits the plant!
The demonic crawler hits the plant.
The demonic crawler hits the plant!
A nearby plant withers and dies.
The demonic crawler shrieks in warning!
A nearby plant withers and dies. x2
The swamp worm fires a harpoon shot at you.
The harpoon shot hits you!
You are yanked forward by the harpoon shot.
Splash!
You fall into the shallow water.
Moving in this stuff is going to be slow.
The demonic crawler misses you. The demonic crawler hits you!
The demonic crawler hits you. The swamp worm barely misses you.
The demonic crawler shrieks in warning!
The demonic crawler closely misses you. x2; The demonic crawler hits you.
The swamp worm fires a harpoon shot at you.
The harpoon shot misses you.
The swamp worm fires a harpoon shot at you.
The harpoon shot hits you.
You are yanked forward by the harpoon shot.
Splash!
You hit the swamp worm.
The swamp worm is lightly wounded.
The swamp worm bites you. The swamp worm bites you! x2
* * * LOW HITPOINT WARNING * * *
The swamp worm bites you.
* * * LOW HITPOINT WARNING * * *
Blink to where?
Press: ? - help, Dir - move target
As you read the scroll of blinking, it crumbles to dust.
The swamp worm fires a harpoon shot at you.
The harpoon shot hits you!
You die...

................8..>..8..##.#....
##..........#.............##†....
....#####.......8....†........
... ##.................#....
###...8........#..8...#...
##.#......#..8..##.....#...
#........##.....##.....#...
##.##.....##.....##......... #
###...#...+##@.....#..+#.##...
#.#.............#+..###.........
.#...≈≈≈≈s...........##.........
#...≈≈≈≈≈w≈.....##........#.....
#.#.≈≈≈≈≈w≈≈....####P.....#.#....
# #.≈≈##w##≈≈P≈## #.............
#≈≈≈≈#≈)$#≈≈≈## #.............
P≈≈≈##≈=≈##≈≈# ###.............
P≈≈≈ ≈≈≈≈≈#≈≈####........P#.....


You could see a demonic crawler and 2 swamp worms.

Vanquished Creatures
  A two-headed ogre (D:9)
  Urug (Lair:3)
  A necromancer (Lair:3)
  A cyclops (D:7)
  4 elephants (Lair:4)
  2 black mambas
  A gargoyle (D:7)
  7 cane toads
  A nameless horror (Lair:2)
  2 rime drakes
  4 komodo dragons
  2 trolls (D:9)
  A queen bee (Lair:1)
  2 polar bears
  4 blink frogs (Lair:2)
  3 dream sheep (Lair:5)
  Sigmund (D:2)
  A wyvern (Lair:2)
  38 yaks
  3 basilisks
  A steam dragon (D:8)
  3 nagas (Lair:4)
  11 water moccasins
  An ice beast (D:6)
  An orc warrior (D:8)
  2 sky beasts
  A necrophage (D:6)
  3 elephant zombies (Lair:3)
  4 wolves (D:9)
  A phantom (D:5)
  4 centaurs
  A kobold brigand (D:8)
  A komodo dragon zombie (Lair:3)
  4 bullfrogs
  A wyvern zombie (D:8)
  7 scorpions
  15 killer bees
  4 wights
  3 electric eels
  A centaur zombie (D:6)
  2 jellies
  4 hounds
  Crazy Yiuf (D:3)
  A gnoll shaman (D:7)
  12 orc priests
  A basilisk zombie (Lair:3)
  An iron imp (D:8)
  2 iguanas
  3 orc wizards
  Terence (D:2)
  2 killer bee zombies
  A howler monkey zombie (D:7)
  Robin (D:2)
  5 adders
  5 gnolls (D:7)
  2 ufetubi
  An adder skeleton (D:5)
  5 dart slugs
  16 orcs
  6 ball pythons
  3 bats
  5 endoplasms
  3 giant cockroaches
  14 goblins
  11 hobgoblins
  5 jackals
  5 frilled lizards
  11 kobolds
  6 rats
284 creatures vanquished.

Vanquished Creatures (collateral kills)
  4 dream sheep (Lair:5)
  4 yaks (Lair:3)
  2 electric eels (Lair:3)
10 creatures vanquished.

Vanquished Creatures (others)
  18 fungi
  84 plants
102 creatures vanquished.

Grand Total: 396 creatures vanquished

Notes
Turn   | Place    | Note
-------+----------+-------------------------------------------
     0 | D:1      | raph the Deep Elf Earth Elementalist began the quest for
                  | the Orb.
     0 | D:1      | Reached XP level 1. HP: 10/10 MP: 6/6
   167 | D:1      | Reached XP level 2. HP: 12/15 MP: 2/8
   278 | D:1      | Found a faded altar of an unknown god.
   287 | D:1      | Reached skill level 4 in Earth Magic
   629 | D:1      | Got Plato's Guide on Poison
   657 | D:1      | Learned a level 2 spell: Passwall
   659 | D:1      | Learned a level 1 spell: Sting
   834 | D:1      | Reached XP level 3. HP: 17/19 MP: 7/9
   838 | D:1      | Learned a level 3 spell: Stone Arrow
  1440 | D:2      | Noticed Terence
  1455 | D:2      | Killed Terence
  1456 | D:2      | Reached skill level 5 in Earth Magic
  1808 | D:2      | Reached XP level 4. HP: 24/24 MP: 6/10
  1850 | D:2      | Noticed Robin
  1861 | D:2      | Killed Robin
  2606 | D:2      | Noticed Sigmund
  3298 | D:3      | Found a burning altar of Makhleb.
  3449 | D:3      | Reached skill level 6 in Earth Magic
  3873 | D:3      | Found a glowing silver altar of Zin.
  3886 | D:3      | Became a worshipper of Zin the Law-Giver
  3886 | D:3      | Reached * piety under Zin
  3912 | D:3      | Reached XP level 5. HP: 28/28 MP: 7/11
  3912 | D:3      | Donated 55 gold pieces to Zin
  3913 | D:3      | Found a sparkling altar of Nemelex Xobeh.
  4264 | D:3      | Found a runed translucent door.
  4265 | D:3      | Noticed Crazy Yiuf
  4282 | D:3      | Killed Crazy Yiuf
  4704 | D:4      | Noticed a sky beast
  4719 | D:4      | Killed a sky beast
  4720 | D:4      | Reached skill level 7 in Earth Magic
  4720 | D:4      | Reached XP level 6. HP: 25/32 MP: 1/12
  4956 | D:4      | Learned a level 4 spell: Petrify
  5083 | D:4      | Reached ** piety under Zin
  5440 | D:5      | Entered Level 5 of the Dungeon
  5601 | D:5      | Found an opulent altar of Gozag.
  6362 | D:6      | Reached skill level 1 in Conjurations
  6362 | D:6      | Reached skill level 1 in Invocations
  6463 | D:6      | Reached *** piety under Zin
  6476 | D:6      | Reached skill level 1 in Fighting
  6476 | D:6      | Reached XP level 7. HP: 38/38 MP: 10/14
  7308 | D:6      | Reached skill level 8 in Earth Magic
  8179 | D:5      | Reached XP level 8. HP: 44/44 MP: 9/16
  8459 | D:5      | Learned a level 3 spell: Dazzling Flash
  8967 | D:2      | Killed Sigmund
  8968 | D:2      | Reached skill level 1 in Hexes
  9209 | D:7      | Found a staircase to the Ecumenical Temple.
  9340 | D:7      | Found a sacrificial altar of Ru.
  9409 | D:7      | Noticed a cyclops
  9420 | D:7      | Killed a cyclops
  9421 | D:7      | Reached skill level 5 in Stealth
  9421 | D:7      | Reached skill level 5 in Spellcasting
  9579 | D:7      | Found a shadowy altar of Dithmenos.
  9587 | D:7      | Reached **** piety under Zin
  9879 | D:7      | Noticed a gargoyle
  9901 | D:7      | Reached XP level 9. HP: 27/49 MP: 5/19
  9901 | D:7      | Killed a gargoyle
 10344 | D:7      | Reached skill level 5 in Dodging
 10664 | D:8      | Reached skill level 5 in Hexes
 10776 | D:8      | Found a snail-covered altar of Cheibriados.
 10984 | D:8      | Identified the +0 chain mail of Context {Will+}
 12111 | D:9      | Learned a level 5 spell: Summon Mana Viper
 12176 | D:9      | Noticed a troll
 12180 | D:9      | Killed a troll
 12181 | D:9      | Reached skill level 1 in Summonings
 12282 | D:9      | Found a staircase to the Lair.
 12382 | D:9      | Reached skill level 9 in Earth Magic
 12382 | D:9      | Reached XP level 10. HP: 53/56 MP: 18/21
 13001 | D:9      | Reached ***** piety under Zin
 13004 | D:9      | Reached skill level 5 in Conjurations
 13116 | D:9      | Noticed a two-headed ogre
 13120 | D:9      | Killed a two-headed ogre
 13121 | D:9      | Reached skill level 5 in Invocations
 13295 | Lair:1   | Entered Level 1 of the Lair of Beasts
 13359 | Lair:1   | Noticed a cane toad
 13364 | Lair:1   | Killed a cane toad
 13585 | Lair:1   | Reached skill level 5 in Fighting
 14158 | Lair:1   | Reached XP level 11. HP: 64/64 MP: 21/24
 14593 | Lair:2   | Reached skill level 5 in Summonings
 14721 | Lair:2   | You fall into a shaft and drop 1 floor!
 15386 | Lair:3   | Learned a level 4 spell: Summon Ice Beast
 16419 | Lair:2   | Found a staircase to the Swamp.
 16699 | Lair:2   | Reached skill level 10 in Earth Magic
 17436 | Lair:3   | Noticed Urug
 17440 | Lair:3   | Learned a level 2 spell: Poisonous Vapours
 17448 | Lair:3   | Killed Urug
 17881 | Lair:3   | Reached XP level 12. HP: 27/71 MP: 19/26
 18309 | Lair:3   | Reached skill level 1 in Poison Magic
 19225 | Lair:4   | Found a staircase to the Snake Pit.
 20855 | Lair:5   | Reached ****** piety under Zin
 21138 | Lair:5   | Found a transporter.
 21138 | Lair:5   | Noticed a seven-headed hydra
 21140 | Lair:5   | Noticed 445me's ghost (journeyman GnWn)
 21159 | Lair:5   | Found a transporter.
 21268 | Lair:5   | Killed from afar by a swamp worm

Illustrated notes

Levels and vault maps discovered:
D:1:      dpeg_arrival_more_subterranean_lakeside_camping, layout_basic,
          shapermc_ecumenical_altar_rom_forum, chequers_serial_rivers_small_a,
          minmay_tripent
D:2:      layout_loops_corners, uniq_robin, uniq_sigmund, uniq_terence
D:3:      layout_loops_ring, mainiacjoe_overflow_24_doors,
          mainiacjoe_overflow_catch_the_wave, uniq_crazy_yiuf_cottage
D:4:      layout_basic, guppyfry_early_lair_pool
D:5:      wad_lake_hut, layout_loops_ring, grunt_gozag_breadcrumbs
D:6:      layout_layer_cave
D:7:      layout_basic, nicolae_dithmenos_through_a_glass_darkly,
          nicolae_ru_the_path_less_chosen, minmay_temple_entry_proselytizer,
          minmay_fractal_squares_gapless_5
D:8:      layout_loops_ring, slow_altar_1
D:9:      layout_irregular_city, erik_lair_island, minmay_misc_feat_nine_boxes,
          minmay_misc_feat_more_columns
Lair:1:   layout_loops_ring, special_room [special_room_bee],
          grunt_forest_large_clearing_hut
Lair:2:   layout_regular_city, swamp_mist_pool
Lair:3:   pond_and_an_island_with_a_cottage, layout_regular_city,
          nicolae_quartered_pool_super, uniq_urug
Lair:4:   layout_loops_ring, guppyfry_snake_entry_garden
Lair:5:   layout_hall_layers, gammafunk_ghost_berserking_beasts,
          chequers_serial_rivers_micro_e, worms_lemuel, grunt_megastairs_3,
          serial_bayou_shore_b, lemuel_fruit_fields

Skill      XL: |  1  2  3  4  5  6  7  8  9 10 11 12 |
---------------+-------------------------------------+-----
Earth Magic    | 4 5 6 7 8 9 10 | 10.6
Dodging        | 3 4 5 6 7 8 |  8.4
Stealth        | 3 4 5 6 7 8 9 |  9.2
Conjurations   | 1 2 3 4 5 6 7 |  7.3
Invocations    | 1 2 3 4 5 6 7 |  7.2
Fighting       | 1 2 4 5 6 7 |  7.3
Spellcasting   | 4 5 6 7 8 9 |  9.2
Hexes          | 4 6 |  6.0
Summonings     | 1 4 6 8 |  8.1
Poison Magic   | 3 |  3.0
Transmutations | |  1.1

Action                   |  1- 3 |  4- 6 |  7- 9 | 10-12 || total
-------------------------+-------+-------+-------+-------++-------
Melee: Dagger            |    35 |    35 |       |    76 ||   146
       Staff             |       |     1 |     3 |     7 ||    11
       Punch             |       |       |       |     4 ||     4
 Fire: Shortbow          |       |       |       |     6 ||     6
Throw: Stone             |     1 |       |       |       ||     1
 Cast: Sandblast         |    24 |    12 |    58 |   171 ||   265
       Sting             |    17 |    16 |     5 |       ||    38
       Stone Arrow       |     9 |    38 |    63 |   169 ||   279
       Dazzling Flash    |       |       |     2 |     3 ||     5
       Poisonous Vapours |       |       |       |    16 ||    16
       Summon Ice Beast  |       |       |       |     8 ||     8
       Summon Mana Viper |       |       |       |     1 ||     1
Invok: Donate Gold       |       |     1 |       |       ||     1
       Recite            |       |       |     6 |     9 ||    15
       Vitalisation      |       |       |     1 |     3 ||     4
  Use: Scroll            |       |    10 |     7 |     8 ||    25
       Potion            |       |       |     1 |       ||     1
 Stab: Sleeping          |       |     3 |       |     1 ||     4
       Invisible         |       |       |       |     3 ||     3
Armor: Robe              |    20 |    16 |     4 |       ||    40
       Leather armour    |       |       |     5 |       ||     5
       Steam dragon scal |       |       |     1 |    56 ||    57
Dodge: Dodged            |    36 |    25 |    20 |   192 ||   273
